 Dungeon Crawl Stone Soup version 0.21-a0-258-g4c0eb85 (webtiles) character file.

5226 tidbits the Fighter (level 10, 0/95 HPs)
             Began as a Demigod Wanderer on Sept 6, 2017.
             Slain by a two-headed ogre
             ... wielding a +0 giant spiked club
              (10 damage)
             ... on level 9 of the Dungeon.
             The game lasted 00:37:15 (4261 turns).

tidbits the Fighter (Demigod Wanderer)              Turns: 4261, Time: 00:37:16

Health: 0/95       AC:  7    Str: 15    XL:     10   Next: 13%
Magic:  13/13      EV: 18    Int: 20    God:
Gold:   315        SH:  0    Dex: 24    Spells: 9/9 levels left

rFire    . . .     SeeInvis .   b - +1 hand crossbow
rCold    . . .     Gourm    .   (no shield)
rNeg     . . .     Faith    .   d - +0 ring mail
rPois    .         Spirit   .   (no helmet)
rElec    .         Reflect  .   C - +1 cloak
rCorr    .         Harm     .   (no gloves)
MR       +....                  (no boots)
Stlth    ++........             (no amulet)
HPRegen  0.25/turn              M - +2 ring of dexterity
MPRegen  0.13/turn              X - +5 ring of dexterity

@: no status effects
A: high mp 1
a: no special abilities


You were on level 9 of the Dungeon.
You were not hungry.

You visited 1 branch of the dungeon, and saw 10 of its levels.

You collected 479 gold pieces.
You spent 164 gold pieces at shops.

Inventory:

Hand Weapons
 a - a +1 scythe of venom
   (You took it off Sigmund on level 2 of the Dungeon)
 b - a +1 hand crossbow (weapon)
 k - a +2 short sword
 t - a +3 quarterstaff of chaos
   (You took it off Crazy Yiuf on level 2 of the Dungeon)
 x - a +0 hunting sling
 y - a +1 flail of protection
   (You took it off an orc on level 3 of the Dungeon)
 B - a +0 blowgun
 D - a +1 short sword of flaming
   (You found it on level 3 of the Dungeon)
 E - a +0 shortbow
 F - a +1 whip of flaming
   (You took it off Pikel on level 5 of the Dungeon)
 L - a +0 quarterstaff of speed
   (You took it off an orc priest on level 7 of the Dungeon)
 O - a +2 short sword of holy wrath
   (You found it on level 8 of the Dungeon)
Missiles
 c - 41 bolts (quivered)
 g - 94 arrows
 l - 29 poisoned needles
 u - 2 tomahawks
Armour
 d - a +0 ring mail (worn)
 w - a cursed +0 leather armour
 C - a +1 cloak (worn)
 Y - a +0 shield
 Z - a +0 buckler
Magical Staves
 J - an uncursed staff of fire {unknown}
   (You found it on level 5 of the Dungeon)
Jewellery
 A - an uncursed ring of protection from cold
   (You found it on level 3 of the Dungeon)
 G - an uncursed ring of ice
   (You found it on level 4 of the Dungeon)
 M - a +2 ring of dexterity (left hand)
   (You found it on level 7 of the Dungeon)
 N - an uncursed ring of resist corrosion
   (You found it on level 7 of the Dungeon)
 X - a +5 ring of dexterity (right hand)
   (You found it on level 6 of the Dungeon)
Wands
 e - a wand of disintegration (2/24)
 s - a wand of lightning (2/15)
Scrolls
 i - 4 scrolls of identify
 o - a scroll of fog
 p - a scroll of magic mapping
 r - 2 scrolls of random uselessness
 K - a scroll of immolation
 Q - a scroll of torment {unknown}
 R - a scroll of teleportation
 T - 2 scrolls of amnesia
 U - a scroll of fear
 V - a scroll of blinking
Potions
 h - a potion of resistance
 j - a potion of cancellation
 z - 2 potions of curing
 H - a potion of magic
 I - a potion of brilliance
 P - a potion of flight
 S - a potion of heal wounds
Miscellaneous
 m - a lamp of fire (inert)
Comestibles
 f - 4 bread rations
 n - 3 meat rations
 q - 2 fruits
 v - 3 chunks of flesh
 W - 5 royal jellies


   Skills:
 - Level 11.0 Fighting
 - Level 2.6 Short Blades
 - Level 1.0 Bows
 - Level 1.0 Throwing
 - Level 1.0 Armour
 + Level 9.0 Dodging
 - Level 1.0 Stealth
 - Level 1.0 Evocations


You had 9 spell levels left.
You didn't know any spells.

Dungeon Overview and Level Annotations

Branches:
Dungeon (10/15)            Temple (0/1) D:5            Lair (0/6) D:9
    Orc: D:9-12

Shops:
D:7 %?

Annotations:
D:8 Gagarin's ghost, novice HOFi


Innate Abilities, Weirdness & Mutations

You have an increased reservoir of magic. (+10% MP)


Message History

Wield which item (- for none, * to show all)? (? for menu, Esc to quit)
Your +1 flail of protection goes still.
Your +1 scythe of venom begins to drip with poison!
a - a +1 scythe of venom (weapon)
You swing at nothing.
You swing at nothing.
Things that are here:
a yak corpse; a crocodile corpse You see here a troll corpse.
You butcher the troll corpse.
v - 3 chunks of flesh (gained 2)
Things that are here:
a yak corpse; a crocodile corpse You swing at nothing.
You swing at nothing.
You swing at nothing.
You swing at nothing.
You swing at nothing.
You swing at nothing.
You swing at nothing.
You swing at nothing.
You swing at nothing.
You swing at nothing.
You swing at nothing.
You swing at nothing.
You swing at nothing.
You swing at nothing.
You swing at nothing.
You swing at nothing.
You swing at nothing.
You swing at nothing.
You swing at nothing.
You swing at nothing.
You swing at nothing.
You swing at nothing.
You swing at nothing.
You swing at nothing.
You swing at nothing.
You swing at nothing.
You swing at nothing.
You swing at nothing.
You swing at nothing.
You swing at nothing.
You swing at nothing.
You swing at nothing.
You swing at nothing.
You swing at nothing.
You swing at nothing.
You swing at nothing.
You swing at nothing.
You swing at nothing.
You swing at nothing.
You swing at nothing.
You swing at nothing.
You swing at nothing.
There is an open door here.
You open the door.
There is an open door here.
You open the door.
There is an open door here.
u - 2 tomahawks (gained 1)
You open the door.
There is an open door here.
You open the door.
A bullfrog and a two-headed ogre come into view.
Found a scroll of recharging.
The two-headed ogre shouts in stereo!
There is an open door here.
The bullfrog gives a loud, deep croak!
Wield which item (- for none, * to show all)? (? for menu, Esc to quit)
Your +1 scythe of venom stops dripping with poison.
b - a +1 hand crossbow (weapon)
Evoke which item? (* to show all) (? for menu, Esc to quit)
Aiming: Disintegrate
Press: ? - help, Shift-Dir - straight line, f - two-headed ogre
Aim: a two-headed ogre, wielding a giant spiked club and a giant club (chance to defeat MR: 52%)
The two-headed ogre resists with significant effort.
This wand has 5 charges left.
Evoke which item? (* to show all) (? for menu, Esc to quit)
Aiming: Disintegrate
Press: ? - help, Shift-Dir - straight line, f/p - two-headed ogre
Aim: a two-headed ogre, wielding a giant spiked club and a giant club (chance to defeat MR: 52%)
The two-headed ogre resists with significant effort.
This wand has 4 charges left.
The two-headed ogre closely misses you.
The two-headed ogre hits you with a giant club!
* * * LOW HITPOINT WARNING * * *
Evoke which item? (* to show all) (? for menu, Esc to quit)
Aiming: Disintegrate
Press: ? - help, Shift-Dir - straight line, f/p - two-headed ogre
Aim: a two-headed ogre, wielding a giant spiked club and a giant club (chance to defeat MR: 52%)
The two-headed ogre is blasted.
This wand has 3 charges left.
Evoke which item? (* to show all) (? for menu, Esc to quit)
Aiming: Disintegrate
Press: ? - help, Shift-Dir - straight line, f/p - two-headed ogre
Aim: a two-headed ogre, wielding a giant spiked club and a giant club (heavily wounded, chance to defeat MR: 52%)
The two-headed ogre is blasted.
This wand has 2 charges left.
The two-headed ogre hits you with a giant spiked club!!
* * * LOW HITPOINT WARNING * * *
The two-headed ogre hits you with a giant club!
You die...

#.#
#...PPP.P.P
#.###PP..PP..P
#..# .... ##.#
..P #.# ..#
#.##.# #....#
##.### #@# #O#
#F# #'#
.......?.#
.........#
.........+
.........#
.........#


You could see a two-headed ogre and a bullfrog.

Vanquished Creatures
  A two-headed ogre (D:8)
  Pikel (D:5)
  The ghost of tidbits the Insei, an amateur DgTm (D:4)
  A troll (D:9)
  Prince Ribbit (D:7)
  Sigmund (D:2)
  3 yaks
  A human (D:8)
  2 hogs (D:8)
  4 porcupines (D:9)
  2 slaves (D:5)
  Duvessa (D:7)
  A necrophage (D:7)
  An orc warrior (D:7)
  A phantom (D:9)
  2 black bears (D:9)
  2 centaurs
  An ogre (D:5)
  A crocodile (D:9)
  4 bullfrogs
  Blork the orc (D:4)
  3 scorpions
  Dowan (D:7)
  A crimson imp (D:5)
  2 bullfrog zombies
  3 orc priests
  Crazy Yiuf (D:2)
  3 hounds
  2 jellies
  2 orc wizards
  A bullfrog skeleton (D:6)
  A centaur skeleton (D:9)
  Terence (D:2)
  2 worker ants
  10 adders
  An adder skeleton (D:4)
  2 worms
  3 leopard geckos
  7 orcs
  A ball python (D:3)
  6 bats
  4 giant cockroaches
  9 goblins
  6 hobgoblins
  6 jackals
  8 kobolds
  4 quokkas
  10 frilled lizards
  A leopard gecko skeleton (D:5)
  A quokka skeleton (D:9)
  6 rats
141 creatures vanquished.

Vanquished Creatures (others)
  A centaur (D:5)
  18 fungi (D:9)
  2 plants (D:9)
21 creatures vanquished.

Grand Total: 162 creatures vanquished

Notes
Turn   | Place    | Note
-------+----------+-------------------------------------------
     0 | D:1      | tidbits the Demigod Wanderer began the quest for the Orb.
     0 | D:1      | tidbits set off with: a +2 short sword, a +0 hand crossbow, 23 bolts, a +0 ring mail, a bread ration
     0 | D:1      | Reached XP level 1. HP: 17/17 MP: 3/3
    21 | D:1      | Reached skill level 2 in Fighting
   311 | D:1      | Reached XP level 2. HP: 25/25 MP: 5/5
   370 | D:1      | Reached skill level 3 in Fighting
   532 | D:2      | Reached XP level 3. HP: 26/31 MP: 6/6
   586 | D:2      | Noticed Sigmund
   607 | D:2      | Killed Sigmund
   607 | D:2      | Reached skill level 5 in Fighting
   607 | D:2      | Reached XP level 4. HP: 12/42 MP: 7/7
   607 | D:2      | Reached XP level 5. HP: 14/48 MP: 8/8
   658 | D:2      | Noticed Terence
   664 | D:2      | Killed Terence
   741 | D:2      | Found a runed door.
   808 | D:2      | Noticed Crazy Yiuf
   811 | D:2      | Killed Crazy Yiuf
   855 | D:2      | Found a shadowy altar of Dithmenos.
  1001 | D:3      | Found a faded altar of an unknown god.
  1076 | D:3      | Reached skill level 6 in Fighting
  1080 | D:3      | Reached XP level 6. HP: 43/57 MP: 9/9
  1467 | D:5      | Entered Level 5 of the Dungeon
  1493 | D:4      | Noticed Blork the orc
  1622 | D:4      | Killed Blork the orc
  1622 | D:4      | Reached skill level 7 in Fighting
  1871 | D:4      | Noticed tidbits's ghost (amateur DgTm)
  1885 | D:4      | Killed tidbits's ghost
  1885 | D:4      | Reached skill level 8 in Fighting
  1885 | D:4      | Reached XP level 7. HP: 68/68 MP: 10/10
  2027 | D:5      | Found a staircase to the Ecumenical Temple.
  2039 | D:5      | Noticed Pikel
  2501 | D:5      | Killed Pikel
  2501 | D:5      | Reached skill level 10 in Fighting
  2501 | D:5      | Reached XP level 8. HP: 33/79 MP: 11/11
  2948 | D:7      | Noticed Duvessa
  2948 | D:7      | Noticed Dowan
  2955 | D:7      | Killed Dowan
  2999 | D:7      | Found Cety's Food Shop.
  3006 | D:7      | Killed Duvessa
  3041 | D:7      | Reached skill level 11 in Fighting
  3086 | D:7      | Noticed Prince Ribbit
  3179 | D:7      | Killed Prince Ribbit
  3179 | D:7      | Reached skill level 2 in Dodging
  3195 | D:7      | Reached XP level 9. HP: 51/89 MP: 12/12
  3314 | D:7      | Reached skill level 3 in Dodging
  3331 | D:7      | Found Xoelar's Magic Scroll Shoppe.
  3334 | D:7      | Bought a scroll of fear for 52 gold pieces
  3334 | D:7      | Bought a scroll of blinking for 112 gold pieces
  3471 | D:8      | Noticed a two-headed ogre
  3499 | D:8      | Killed a two-headed ogre
  3499 | D:8      | Reached skill level 5 in Dodging
  3568 | D:8      | Reached skill level 6 in Dodging
  3589 | D:8      | Reached skill level 7 in Dodging
  3881 | D:10     | Entered Level 10 of the Dungeon
  3902 | D:9      | Noticed a two-headed ogre
  3964 | D:8      | Noticed Gagarin's ghost (novice HOFi)
  4080 | D:9      | Reached skill level 8 in Dodging
  4088 | D:9      | Reached XP level 10. HP: 23/95 MP: 13/13
  4114 | D:9      | Found a staircase to the Lair.
  4163 | D:9      | Reached skill level 9 in Dodging
  4250 | D:9      | Noticed a two-headed ogre
  4261 | D:9      | Slain by a two-headed ogre

Vault maps used:
D:1:      scummos_arrival_simple_fountains, minmay_misc_feat_encased,
          minmay_lizard_king
D:2:      nicolae_dithmenos_through_a_glass_darkly, first_bread, uniq_terence,
          uniq_crazy_yiuf_cottage, uniq_sigmund
D:3:      chequers_ecumenical_altar_simple
D:4:      serial_glass, glass_columns_a, glass_columns_c, glass_columns_b,
          glass_columns_c, glass_columns_b, glass_columns_b,
          minmay_strange_pillars, feat_on_display, uniq_blork_the_orc
D:5:      minmay_temple_entry_crystal_x, grunt_ministairs_7,
          minmay_stone_trees_small, uniq_pikel
D:6:      nicolae_ru_the_path_less_chosen
D:7:      serial_shops, shop_fountains, nicolae_shop_behind_doors, uniq_duvessa,
          uniq_prince_ribbit1
D:8:      st_stairs_3, grunt_livestock, lemuel_old_faithful
D:9:      due_lair_maze_entry_diamond, tgw_xom
D:10:     uniq_nergalle

Skill      XL: |  1  2  3  4  5  6  7  8  9 10 |
---------------+-------------------------------+-----
Fighting       | 2 3 5 6 8 10 11 | 11.0
Dodging        | 2 8 9 |  9.0
Short Blades   | |  2.6
Bows           | |  1.0
Throwing       | |  1.0
Armour         | |  1.0
Stealth        | |  1.0
Evocations     | |  1.0

Action                   |  1- 3 |  4- 6 |  7- 9 | 10-12 || total
-------------------------+-------+-------+-------+-------++-------
Melee: Short sword       |    98 |       |       |       ||    98
       Scythe            |       |   101 |    70 |       ||   171
       Quarterstaff      |       |     9 |    65 |       ||    74
       Flail             |       |       |     7 |    18 ||    25
 Fire: Hand crossbow     |    11 |     8 |   104 |     3 ||   126
Throw: Tomahawk          |       |       |       |     1 ||     1
Evoke: Wand              |       |       |     7 |     4 ||    11
       Lamp of fire      |       |       |       |     1 ||     1
  Use: Potion            |     5 |     1 |     2 |       ||     8
       Scroll            |       |    12 |     6 |       ||    18
 Stab: Sleeping          |       |     2 |     1 |       ||     3
  Eat: Chunk             |       |     2 |     6 |       ||     8
       Bread ration      |       |     1 |       |       ||     1
Armor: Ring mail         |    32 |    43 |    65 |     4 ||   144
       Skin              |       |     7 |       |       ||     7
Dodge: Dodged            |    44 |    67 |   159 |    21 ||   291

Table legend:
 A = Spawn XP
 B = Non-spawn XP
 C = Spawn XP percentage of total XP
 D = Spawn monster count
 E = Non-spawn monster count
 F = Spawn count percentage of total count
 G = Total turns spent on level
                    A         B        C        D         E        F      G
               +---------+---------+-------+---------+---------+-------+---------
         Total |       0 |    7467 |   0.0 |       0 |     140 |   0.0 |  4261
               +---------+---------+-------+---------+---------+-------+---------
           D:1 |       0 |      33 |   0.0 |       0 |      21 |   0.0 |   432
           D:2 |       0 |     357 |   0.0 |       0 |      21 |   0.0 |   567
           D:3 |       0 |     177 |   0.0 |       0 |      26 |   0.0 |   539
           D:4 |       0 |     458 |   0.0 |       0 |       7 |   0.0 |   382
           D:5 |       0 |    1189 |   0.0 |       0 |      13 |   0.0 |   662
           D:6 |       0 |     342 |   0.0 |       0 |      10 |   0.0 |   372
           D:7 |       0 |     988 |   0.0 |       0 |      14 |   0.0 |   436
           D:8 |       0 |    1982 |   0.0 |       0 |       9 |   0.0 |   428
           D:9 |       0 |    1941 |   0.0 |       0 |      19 |   0.0 |   441
               +---------+---------+-------+---------+---------+-------+---------

Table legend:
 A = Turns spent in this place as a percentage of turns spent in the entire game.
 B = Non-inter-level travel turns spent in this place as a percentage of non-inter-level travel turns spent in the entire game.
 C = Inter-level travel turns spent in this place as a percentage of turns spent in this place.
 D = Turns resting spent in this place as a percentage of non-inter-level travel turns spent in this place.
 E = Turns spent auto-exploring this place as a percentage of non-inter-level travel turns spent in this place.
 F = Non-inter-level travel turns spent in this place divided by the number of levels of this place that you've seen.
                   A       B       C       D       E      F
               +-------+-------+-------+-------+-------+----------------------
         Total | 100.0 | 100.0 |   3.1 |   0.0 |   0.0 | 412.9
       Dungeon | 100.0 | 100.0 |   3.1 |   0.0 |   0.0 | 412.9
               +-------+-------+-------+-------+-------+----------------------

Table legend:
 A = Kills in this place as a percentage of kills in entire the game.
 B = Kills by you in this place as a percentage of kills by you in the entire game.
 C = Kills by friends in this place as a percentage of kills by friends in the entire game.
 D = Other kills in this place as a percentage of other kills in the entire game.
 E = Experience gained in this place as a percentage of experience gained in the entire game.
 F = Experience gained in this place divided by the number of levels of this place that you have seen.
                   A       B       C       D       E      F
               +-------+-------+-------+-------+-------+----------------------
         Total | 100.0 | 100.0 |   N/A | 100.0 | 100.0 | 746.7
       Dungeon | 100.0 | 100.0 |   N/A | 100.0 | 100.0 | 746.7
               +-------+-------+-------+-------+-------+----------------------

Vault maps used:
D:1:      scummos_arrival_simple_fountains, minmay_misc_feat_encased,
          minmay_lizard_king
D:2:      nicolae_dithmenos_through_a_glass_darkly, first_bread, uniq_terence,
          uniq_crazy_yiuf_cottage, uniq_sigmund
D:3:      chequers_ecumenical_altar_simple
D:4:      serial_glass, glass_columns_a, glass_columns_c, glass_columns_b,
          glass_columns_c, glass_columns_b, glass_columns_b,
          minmay_strange_pillars, feat_on_display, uniq_blork_the_orc
D:5:      minmay_temple_entry_crystal_x, grunt_ministairs_7,
          minmay_stone_trees_small, uniq_pikel
D:6:      nicolae_ru_the_path_less_chosen
D:7:      serial_shops, shop_fountains, nicolae_shop_behind_doors, uniq_duvessa,
          uniq_prince_ribbit1
D:8:      st_stairs_3, grunt_livestock, lemuel_old_faithful
D:9:      due_lair_maze_entry_diamond, tgw_xom
D:10:     uniq_nergalle
